 Dungeon Crawl Stone Soup version 0.29-a0-664-gff9cad4a3d (webtiles) character file.

Game seed: 18282664125843291767

14 HoaS the Ruffian (level 2, 0/19 HPs)
             Began as a Tengu Berserker on June 22, 2022.
             Was a Follower of Trog.
             Slain by Crazy Yiuf
             ... wielding a +3 quarterstaff of chaos
              (11 damage)
             ... on level 2 of the Dungeon.
             The game lasted 00:01:42 (1049 turns).

HoaS the Ruffian (Tengu Berserker)                  Turns: 1049, Time: 00:01:43

Health: 0/19       AC:  5    Str: 17    XL:     2   Next: 41%
Magic:  3/3        EV: 11    Int:  7    God:    Trog [*.....]
Gold:   110        SH:  0    Dex: 13    Spells: 1/1 levels left

rFire   . . .      SeeInvis .     - Unarmed
rCold   . . .      Faith    .   (no shield)
rNeg    . . .      Spirit   .   c - +0 ring mail
rPois   .          Reflect  .   (helmet restricted)
rElec   .          Harm     .   (no cloak)
rCorr   .          Rampage  .   (no gloves)
Will    .....                   (boots unavailable)
Stlth   +.........              (no amulet)
HPRegen 0.06/turn               (no ring)
MPRegen 0.08/turn               (no ring)

@: no status effects
A: beak, talons 3
a: Renounce Religion, Berserk


You were on level 2 of the Dungeon.
You worshipped Trog.
Trog was aware of your devotion.
You visited 1 branch of the dungeon, and saw 2 of its levels.

You collected 110 gold pieces.

Inventory:

Armour
 c - a +0 ring mail (worn)
Wands
 f - a wand of digging (4)
Scrolls
 e - a scroll of teleportation
Potions
 a - a potion of degeneration
 d - a potion of brilliance
 h - a potion of flight


   Skills:
 - Level 3.0 Fighting
 - Level 2.1 Armour
 - Level 2.1 Dodging
 + Level 4.1 Unarmed Combat


You had one spell level left.
You didn't know any spells.
Your spell library was empty.

Dungeon Overview and Level Annotations

Branches:
Dungeon (2/15)

Altars:

Annotations:
D:2 1 runed translucent door, Crazy Yiuf


Innate Abilities, Weirdness & Mutations

You have a beak for a mouth.
You have claws for feet.


Message History

Done exploring.
Done exploring.
Search for what [? for help]? armor Done exploring.
(D) Dungeon
Where to? (Enter - D:2 @ (x,y), ? - help)
There is an open door here.
There is a stone staircase leading down here.
You climb downwards.
There is a stone staircase leading up here.
As you read the scroll labelled XASOQYISHRE, it crumbles to dust.
It is a scroll of identify.
a - a potion of degeneration
As you read the scroll of identify, it crumbles to dust.
d - a potion of brilliance
As you read the scroll of identify, it crumbles to dust.
h - a potion of flight
b - a scroll labelled IHEINE NODOT
As you read the scroll labelled IHEINE NODOT, it crumbles to dust.
You feel aware of your surroundings.
You sensed 1 altar.
It was a scroll of magic mapping.
As you read the scroll labelled QUIFAENETI, it crumbles to dust.
You feel strangely unstable.
It was a scroll of teleportation.
As you read the scroll labelled XAORCH ITACZY, it crumbles to dust.
You assume a fearsome visage.
Nothing appears to happen.
It was a scroll of fear.
Your surroundings suddenly seem different.
Crazy Yiuf the Enlightened comes into view.
He is wielding a +3 quarterstaff of chaos.
Found a +0 mace.
Found a runed translucent door.
Crazy Yiuf shouts!
Crazy Yiuf hits you with a +3 quarterstaff of chaos.
Crazy Yiuf burns you.
You see here a +0 mace.
Crazy Yiuf is nearby!
Crazy Yiuf is nearby!
You hit Crazy Yiuf. You peck Crazy Yiuf, but do no damage.
Crazy Yiuf is lightly wounded.
Crazy Yiuf hits you with a +3 quarterstaff of chaos!
Ouch! That really hurt!
You die...

,,,,,,,,,,,,,+,,,,,+,,,,,,,,,,,,,
,,,,,,,,,,,,,**,,,,***,,*,,,,,,,,
,,,,,,,,,,,,,**,,,,***,,*,,,,,,,,
,,,,,,,,,,,,,**,,,,,,,,,*,*******
,,,,,,,,,,,,,************** *,,,,
,,,,,,######** *,,,, ......#....#
*,,,, ......#....### #####
****,,,, ......#......# #@..#**
**,*,,,*, ......#....###
#g..+.♣***,,,,,,*, ......#......#
#...#♣..♣,,,,,,**, ......###.#.##
#####***.*,,*,***, ......# #.#..#
**********, ......###.#### *,,,,
.............####### **#######
......###..........# *,>......
......#######....#.##############


You could see Crazy Yiuf.

Vanquished Creatures
  A dart slug (D:1)
  A ball python (D:1)
  2 endoplasms
  A giant cockroach (D:1)
  2 quokkas (D:1)
  A bat (D:1)
  A frilled lizard (D:1)
  A kobold (D:1)
  A rat (D:1)
11 creatures vanquished.

Notes
Turn   | Place    | Note
-------+----------+-------------------------------------------
     0 | D:1      | HoaS the Tengu Berserker began the quest for the Orb.
     0 | D:1      | Reached XP level 1. HP: 14/14 MP: 2/2
   186 | D:1      | Reached XP level 2. HP: 19/19 MP: 3/3
   275 | D:1      | Reached skill level 4 in Unarmed Combat
   287 | D:1      | You fall into a shaft and drop 1 floor!
  1048 | D:2      | Found a runed translucent door.
  1048 | D:2      | Noticed Crazy Yiuf
  1049 | D:2      | Slain by Crazy Yiuf

Illustrated notes

Levels and vault maps discovered:
D:1:      scummos_arrival_star, layout_basic, minivault_5,
          hangedman_abyss_or_decor_lesser_grid
D:2:      layout_basic, basic_altar, uniq_crazy_yiuf_cottage, uniq_robin

Skill      XL: |  1  2 |
---------------+-------+-----
Unarmed Combat | 4 |  4.1
Fighting       | |  3.0
Armour         | |  2.1
Dodging        | |  2.1

Action                   || total
-------------------------++-------
Melee: Unarmed           ||    19
       Kick              ||     4
       Peck              ||     3
       Punch             ||     1
  Use: Scroll            ||     6
Armor: Animal skin       ||     1
       Ring mail         ||     4
Dodge: Dodged            ||     5

Table legend: (Time is in decaauts)
 A = Elapsed time spent in this place.
 B = Non-inter-level travel time spent in this place.
 C = Inter-level travel time spent in this place.
 D = Time resting spent in this place.
 E = Time spent auto-exploring this place.
 F = Levels seen in this place.
 G = Mean time per level.
                   A        B        C        D        E       F      G
               +--------+--------+--------+--------+--------+-----+--------+
         Total |   1047 |    918 |    129 |     51 |    773 |   2 |  523.5 |
       Dungeon |   1047 |    918 |    129 |     51 |    773 |   2 |  523.5 |
               +--------+--------+--------+--------+--------+-----+--------+

Top non-repeatable levels by time:
     D:1: 816 daAuts
     D:2: 231 daAuts
